 Dungeon Crawl Stone Soup version 0.32-a0-314-g526f7d4 (webtiles) character file.

Game seed: 4254788253015066922

32 Anonymous1 the Ruffian (level 3, -3/33 HPs)
             Began as a Ghoul Monk on Feb 15, 2024.
             Killed from afar by Natasha (7 damage)
             ... with a magic dart
             ... on level 2 of the Dungeon.
             The game lasted 00:01:15 (569 turns).

Anonymous1 the Ruffian (Ghoul Monk)                  Turns: 569, Time: 00:01:15

Health: -3/33      AC:  2    Str: 16    XL:     3   Next: 25%
Magic:  3/3        EV: 12    Int:  9    God:
Gold:   8          SH:  0    Dex: 11    Spells: 2/2 levels left

rFire   . .          .
                       - Unarmed
rCold   + . .        c - orb {light}
rNeg    + + +        a - +0 robe
rPois   ∞            (no helmet)
rElec   .            (no cloak)
rCorr   .            (no gloves)
SInv    .            (no boots)
Will    .....        (no amulet)
Stlth   +            (no ring)
HPRegen 0.00/turn    (no ring)
MPRegen 0.08/turn

%: no passive effects
@: inhibited regen, glowing
A: claws 1, cold resistance 1, negative energy resistance 3, inhibited
regeneration, torment resistance 2, devour on kill
a: no special abilities


You were on level 2 of the Dungeon.
You visited 1 branch of the dungeon, and saw 2 of its levels.

You collected 8 gold pieces.

Inventory:

Missiles
 g - 3 boomerangs (quivered)
Armour
 a - a +0 robe (worn)
 c - an orb of light (worn)
Potions
 b - 2 potions of ambrosia
 d - a potion of might {unknown}
 e - a potion of curing
 f - a potion of cancellation {unknown}


   Skills:
 + Level 3.6 Fighting
 - Level 2.6 Dodging
 * Level 4.4 Unarmed Combat


You had 2 spell levels left.
You didn't know any spells.
Your spell library was empty.

Dungeon Overview and Level Annotations

Branches:
Dungeon (2/15)

Altars:

Annotations:
D:2 Natasha


Innate Abilities, Weirdness & Mutations

You are immune to poison.
You have sharp fingernails.
Your flesh is cold resistant. (rC+)
You are immune to negative energy. (rN+++)
You do not regenerate when monsters are visible.
You are immune to unholy pain and torment.
You thrive by killing the living.


Message History

No target in view!
No target in view!
You see here a ribbon worm corpse.
There is a stone staircase leading up here.
A rat comes into view.
Unknown command.
You scratch the rat.
You kill the rat!
No target in view!
No target in view!
Natasha, Servant of Life and Death comes into view.
Natasha hisses angrily.
Natasha casts a spell.
You scratch Natasha.
Natasha is heavily wounded.
Natasha claws you!
The cerulean imp hits you from afar with a +2 spear.
You scratch Natasha.
Natasha is heavily wounded.
Natasha barely misses you. The cerulean imp barely misses you.
You scratch Natasha but do no damage.
Natasha is heavily wounded.
Natasha stares at you and mumbles some strange words.
The magic dart hits you!
The cerulean imp hits you from afar with a +2 spear.
You are too injured to fight recklessly!
You are too injured to fight recklessly!
You scratch Natasha but do no damage.
Natasha is heavily wounded.
Natasha hisses.
Natasha claws you.
The cerulean imp hits you from afar with a +2 spear.
* * * LOW HITPOINT WARNING * * *
Unknown command.
You scratch Natasha.
Natasha is severely wounded.
Natasha casts a spell at you. The magic dart hits you!
You die...
Natasha curls up and begins to purr.

####....####
#......# #.#.##.##
#.......# #...##..#
##+# #### #.......#
#.......# #..##...#
.5#....## #...††..#
# #h#.#....
#.###..## #.
#@.....# #......#
#.###...##.#
#####.##
#......###.
#...######........#
##.<.......########
###########


You could see Natasha and a cerulean imp (summoned).

Vanquished Creatures
  3 ribbon worms (D:2)
  An orc (D:2)
  3 endoplasms (D:2)
  A hobgoblin (D:2)
  2 quokkas (D:2)
  A ball python (D:2)
  A frilled lizard (D:2)
  2 rats (D:2)
14 creatures vanquished.

Notes
Turn   | Place    | Note
-------+----------+-------------------------------------------
     0 | D:1      | Anonymous1 the Ghoul Monk began the quest for the Orb.
     0 | D:1      | Reached XP level 1. HP: 19/19 MP: 1/1
   124 | D:2      | Noticed an orc priest
   178 | D:2      | Reached XP level 2. HP: 26/26 MP: 2/2
   352 | D:2      | Reached skill level 4 in Unarmed Combat
   400 | D:2      | Reached XP level 3. HP: 27/33 MP: 3/3
   562 | D:2      | Noticed Natasha
   569 | D:2      | Killed from afar by Natasha

Illustrated notes

Levels and vault maps discovered:
D:1:      dpeg_arrival_castle, layout_basic
D:2:      cheibrodos_pilgrimage, layout_loops_corners, basic_altar,
          minmay_hexomino_p4, uniq_robin, uniq_natasha

Skill      XL: |  1  2 |
---------------+-------+-----
Unarmed Combat | 4 |  4.4
Fighting       | |  3.6
Dodging        | |  2.6

Action                     || total
---------------------------++-------
  Melee: Unarmed           ||    45
  Throw: Boomerang         ||     4
    Use: Scroll            ||     1
 Armour: Robe              ||    22
  Dodge: Dodged            ||    24

Table legend: (Time is in decaauts)
 A = Elapsed time spent in this place.
 B = Non-inter-level travel time spent in this place.
 C = Inter-level travel time spent in this place.
 D = Time resting spent in this place.
 E = Time spent auto-exploring this place.
 F = Levels seen in this place.
 G = Mean time per level.
                   A        B        C        D        E       F      G
               +--------+--------+--------+--------+--------+-----+--------+
         Total |    567 |    567 |      0 |      0 |    427 |   2 |  283.5 |
       Dungeon |    567 |    567 |      0 |      0 |    427 |   2 |  283.5 |
               +--------+--------+--------+--------+--------+-----+--------+

Top non-repeatable levels by time:
     D:2: 523 daAuts
     D:1: 44 daAuts
